 Dungeon Crawl Stone Soup version 0.22.1 (webtiles) character file.

730 Fang the Chopper (level 7, -12/44 HPs)
             Began as a Gargoyle Berserker on Sept 18, 2018.
             Was a Priest of Trog.
             Mangled by an ogre
             ... wielding a +0 giant club
              (18 damage)
             ... on level 4 of the Dungeon.
             The game lasted 00:05:07 (4476 turns).

Fang the Chopper (Gargoyle Berserker)               Turns: 4476, Time: 00:05:07

Health: -12/44     AC:  8    Str: 23    XL:     7   Next: 73%
Magic:  7/7        EV: 13    Int:  7    God:    Trog [***...]
Gold:   157        SH:  0    Dex:  9    Spells: 6/6 levels left

rFire    . . .     SeeInvis .   a - +1 hand axe
rCold    . . .     Gourm    .   (no shield)
rNeg     + . .     Faith    .   b - +1 animal skin
rPois    ∞         Spirit   .   (no helmet)
rElec    +         Reflect  .   (no cloak)
rCorr    +         Harm     .   (no gloves)
MR       .....                  (no boots)
Stlth    ++........             r - amulet of rage
HPRegen  0.14/turn              t - ring of resist corrosion (curse)
MPRegen  0.10/turn              (no ring)

@: berserk cooldown, very slightly contaminated
A: negative energy resistance 1, electricity resistance, unbreathing,
petrification resistance, rot immunity, AC +4
a: Berserk, Trog's Hand, Renounce Religion, Evoke Berserk Rage


You were on level 4 of the Dungeon.
You worshipped Trog.
Trog was most pleased with you.
You were near starving.

You visited 1 branch of the dungeon, and saw 4 of its levels.

You collected 157 gold pieces.

Inventory:

Hand Weapons
 a - a +1 hand axe (weapon)
Armour
 b - a +1 animal skin (worn)
Jewellery
 r - an amulet of rage (around neck)
 t - a cursed ring of resist corrosion (left hand)
Scrolls
 d - 2 scrolls of immolation
 f - 7 scrolls of identify
 m - a scroll of fog
 s - a scroll of teleportation {unknown}
Potions
 g - 3 potions of resistance {unknown}
 h - 2 potions of heal wounds {unknown}
 j - a potion of flight
 k - 2 potions of agility {unknown}
 l - 4 potions of curing {unknown}
 n - 2 potions of might {unknown}
 o - a potion of berserk rage {unknown}
 p - 2 potions of ambrosia {unknown}
 v - a potion of degeneration {unknown}
 x - a potion of haste {unknown}
Comestibles
 c - 6 rations


   Skills:
 + Level 4.9 Fighting
 + Level 5.8 Axes
 + Level 2.3 Armour
 + Level 3.8 Dodging
 + Level 2.3 Stealth


You had 6 spell levels left.
You didn't know any spells.
Your spell library was empty.

Dungeon Overview and Level Annotations

Branches:
Dungeon (4/15)
 Temple: D:4-7

Altars:
Ashenzari
Makhleb
Nemelex Xobeh
Qazlal
Vehumet

Shops:
D:4 [


Innate Abilities, Weirdness & Mutations

You are resistant to torment.
Your stone body is resilient. (AC +4)
You are immune to poison.
You resist negative energy. (rN+)
You are resistant to electric shocks. (rElec)
You can survive without breathing.
You are immune to petrification.
You are immune to rotting.


Message History

Okay, then.
As you read the scroll labeled QASE IC TEG, it crumbles to dust.
It is a scroll of amnesia.
You feel forgetful for a moment. The ogre closely misses you.
As you read the scroll labeled BODYBU YBBEU, it crumbles to dust.
The scroll dissolves into smoke.
It was a scroll of fog.
As you read the scroll labeled FEIPOO ZAREICH, it crumbles to dust.
It is a scroll of enchant weapon.
Your +0 hand axe glows red for a moment.
The ogre hits you with a giant club!
* * * LOW HITPOINT WARNING * * *
You hear a shout!
As you read the scroll labeled WUIPRY NIPUM, it crumbles to dust.
It is a scroll of enchant armour.
Your +0 animal skin glows green for a moment.
The ogre misses you.
As you read the scroll labeled KOLIGR XUMAHOWE, it crumbles to dust.
You feel aware of your surroundings.
It was a scroll of magic mapping.
The ogre hits you with a giant club!!
You die...

,,,,,,,,,**#.#####.#.##......## #
,,,,**,****#***#...#.##.######
,*****,*,,,,,,,#.###.##.# ,*
***,*+**,*..#o...o...#
****,,,*,,***#.#.########
,,,,,****,*,*..#o.###############
,***** *,,,,*#.#l{...............
## **,,,,#.#O###...########.. .#*
*,,*,,#.#@#E#...#E# #.. ..#*
****###.#§###...###* #.. ...###
###...§§§........# #..
.#...#####..........._....# #..
.###...##..#..............#***##.
........<.##.....###...###.,,,,..
.######.####.#####E#...#,*****#.#
.# #...*#.# *##...#** #.*
.########.##.#******####** *,*


You could see an ogre and a leopard gecko (inner flame).

Vanquished Creatures
  Grinder (D:3)
  Edmund (D:4)
  A scorpion (D:4)
  A howler monkey (D:4)
  4 orc priests (D:3)
  An orc wizard (D:4)
  A worker ant (D:4)
  Natasha (D:4)
  Robin (D:2)
  An adder (D:2)
  An ooze (D:1)
  An adder skeleton (D:4)
  A dart slug (D:1)
  2 worms
  6 leopard geckos
  12 orcs
  4 giant cockroaches
  13 hobgoblins
  4 jackals (D:1)
  8 kobolds
  2 ball pythons
  5 bats
  5 frilled lizards
  13 goblins
  3 rats
93 creatures vanquished.

Notes
Turn   | Place    | Note
-------+----------+-------------------------------------------
     0 | D:1      | Fang the Gargoyle Berserker began the quest for the Orb.
     0 | D:1      | Reached XP level 1. HP: 14/14 MP: 1/1
    86 | D:1      | Reached XP level 2. HP: 16/19 MP: 2/2
   310 | D:1      | Reached skill level 3 in Axes
   709 | D:1      | Reached XP level 3. HP: 13/24 MP: 3/3
  1306 | D:2      | Noticed Robin
  1328 | D:2      | Reached ** piety under Trog
  1336 | D:2      | Killed Robin
  1493 | D:2      | Reached XP level 4. HP: 22/29 MP: 4/4
  1720 | D:2      | Found a shattered altar of Ashenzari.
  2449 | D:3      | Reached XP level 5. HP: 32/33 MP: 5/5
  2460 | D:3      | Reached skill level 4 in Axes
  2460 | D:3      | Reached skill level 1 in Stealth
  2974 | D:3      | Found a radiant altar of Vehumet.
  3161 | D:3      | Noticed Grinder
  3166 | D:3      | Paralysed by Grinder for 6 turns
  3185 | D:3      | Killed Grinder
  3185 | D:3      | Reached skill level 5 in Axes
  3185 | D:3      | Reached XP level 6. HP: 22/39 MP: 6/6
  3319 | D:3      | Found a burning altar of Makhleb.
  4007 | D:4      | Reached XP level 7. HP: 44/44 MP: 7/7
  4082 | D:4      | Found a stormy altar of Qazlal.
  4083 | D:4      | Noticed a fire elemental
  4097 | D:4      | Noticed an air elemental
  4102 | D:4      | Noticed a water elemental
  4121 | D:4      | Found Hewn's Armour Boutique.
  4182 | D:4      | Reached *** piety under Trog
  4375 | D:4      | Found a sparkling altar of Nemelex Xobeh.
  4422 | D:4      | Noticed Natasha
  4422 | D:4      | Noticed Edmund
  4435 | D:4      | Killed Natasha
  4440 | D:4      | Killed Edmund
  4476 | D:4      | Mangled by an ogre

Skill      XL: |  1  2  3  4  5  6  7 |
---------------+----------------------+-----
Axes           | 3 5 |  5.8
Dodging        | 2 3 |  3.8
Fighting       | 4 |  4.9
Stealth        | 1 2 |  2.3
Armour         | |  2.3

Action                   |  1- 3 |  4- 6 |  7- 9 || total
-------------------------+-------+-------+-------++-------
Melee: Hand axe          |   113 |   178 |    54 ||   345
Invok: Berserk           |     2 |     1 |     2 ||     5
  Use: Scroll            |       |       |     8 ||     8
 Stab: Sleeping          |       |     2 |     1 ||     3
  Eat: Chunk             |     3 |     9 |     3 ||    15
Armor: Animal skin       |    49 |    46 |    18 ||   113
Dodge: Dodged            |    90 |   106 |    64 ||   260
